Map: Heavy Artillery LE

Players

Massa

  • Race: Terran Terran
  • League: Gold
  • Spawn Location: 3:00

qqq

  • Race: Zerg Zerg
  • League: Platinum
  • Spawn Location: 1:00

EVIL - Winner!

  • Race: Zerg Zerg
  • League: Diamond
  • Spawn Location: 7:00

kookooseen - Winner!

  • Race: Zerg Zerg
  • League: Diamond
  • Spawn Location: 7:00

VOD

Have the link to the VOD?

Description

Time

  • Played on: May 31, 2020, 6:12 a.m.
  • Length: 7:50
Show
View Real Time Build Order
Export as new Build Order

Massa Terran 

Build Orders: 2 Factory, Hellion Opening 

Get SALT Encoding   

  12  0:11  Supply Depot  
  12  0:13  SCV  
  13  0:25  SCV  
  14  0:36  Barracks  
  14  0:38  SCV  
  15  0:45  Refinery  
  15  0:50  SCV  
  16  0:59  Supply Depot  
  16  1:02  SCV  
  17  1:07  Refinery  
  17  1:14  SCV  
  18  1:28  Marine  
  19  1:45  Factory  
  19  1:46  Marine  
  20  1:48  SCV  
  21  2:00  SCV  
  22  2:04  Marine  
  23  2:09  Factory  
  23  2:12  SCV  
  24  2:23  Barracks Reactor  
  24  2:24  SCV  
  25  2:32  Factory Reactor  
  25  2:45  SCV  
  26  2:54  Supply Depot  
  26  2:56  Supply Depot  
  26  3:13  Hellion x2  
  26  3:15  Hellion x2  
  26  3:19  Supply Depot  
  34  3:22  Barracks Tech Lab  
  34  3:34  Hellion  
  35  3:45  Hellion x2  
  35  3:46  Hellion  
  41  4:00  Orbital Command  
  41  4:04  Hellion  
  41  4:09  Hellion  
  37  4:47  Hellion x4  
  41  5:08  Hellion x4  
  39  5:29  Widow Mine  
  41  5:44  Command Center  
  23  6:28  Hellion x4  
  23  6:29  Marauder  
  33  6:39  Barracks  
  32  6:49  Hellion  
  32  6:50  Marauder  
  28  7:12  Marauder  
  26  7:16  Widow Mine x2  
  26  7:17  Widow Mine x2  
  34  7:28  Marine  
  37  7:45  Supply Depot  
Show
View Real Time Build Order
Export as new Build Order

qqq Zerg 

Build Orders: Hatch First 

Get SALT Encoding   

  12  0:01  Drone  
  13  0:08  Drone  
  14  0:35  Hatchery  
  13  0:41  Overlord  
  13  0:45  Drone  
  14  0:53  Extractor  
  14  0:54  Drone  
  14  1:10  Spawning Pool  
  13  1:25  Drone x3  
  16  1:36  Overlord  
  16  1:48  Drone  
  16  1:49  Drone  
  18  1:57  Queen  
  20  2:06  Metabolic Boost  
  20  2:13  Queen  
  22  2:16  Drone  
  22  2:21  Drone  
  24  2:24  Drone  
  24  2:26  Zergling x2  
  26  2:32  Zergling x2  
  26  2:33  Zergling x2  
  28  2:38  Zergling x2  
  28  2:43  Drone  
  30  2:45  Overlord  
  30  2:51  Evolution Chamber  
  30  2:53  Drone  
  30  2:59  Zergling x2  
  30  3:01  Zergling x2  
  30  3:04  Drone  
  33  3:08  Zergling x2  
  33  3:09  Zergling x2  
  35  3:13  Zergling x2  
  35  3:14  Zergling x2  
  35  3:16  Drone  
  38  3:21  Zerg Melee Weapons Level 1  
  38  3:26  Zergling x2  
  39  3:29  Overlord  
  39  3:42  Zergling x6  
  39  3:43  Drone, Zergling x2  
  39  3:47  Overlord  
  44  3:52  Zergling x2  
  44  3:53  Zergling x2  
  46  3:56  Zergling x2  
  47  4:07  Zergling x2  
  47  4:08  Zergling x2  
  40  4:33  Zergling x2  
  40  4:34  Zergling x10  
  38  5:04  Zergling x2  
  38  5:05  Zergling x8  
  38  5:06  Zergling x4  
  42  5:23  Hatchery  
  41  5:29  Zergling x2  
  41  5:30  Zergling x2  
  41  5:31  Zergling x6  
  46  5:37  Zergling x2  
  46  5:41  Zerg Ground Armor Level 1  
  43  5:50  Zergling x8  
  43  5:51  Zergling x6  
  43  5:53  Hatchery  
  43  6:06  Baneling Nest  
  38  6:25  Zergling x8  
  37  6:26  Zergling x8  
  41  6:37  Zergling x4  
  41  6:38  Zergling x2  
  32  7:04  Zergling x2  
  32  7:05  Zergling x8  
  32  7:06  Zergling x12  
  32  7:07  Zergling x4  
  41  7:20  Zergling x2  
  41  7:21  Zergling x8  
  46  7:29  Zergling x6  
  39  7:30  Zergling x12  
Show
View Real Time Build Order
Export as new Build Order

EVIL Zerg - Winner!

Build Orders: Hatch First, Zergling Baneling 

Get SALT Encoding   

  12  0:03  Drone  
  13  0:11  Drone  
  14  0:16  Overlord  
  14  0:46  Drone  
  14  0:47  Hatchery  
  14  0:49  Drone  
  15  0:53  Drone  
  16  1:05  Drone  
  16  1:11  Drone, Extractor  
  17  1:20  Drone  
  17  1:22  Spawning Pool  
  17  1:34  Drone  
  18  1:44  Drone  
  19  1:58  Overlord  
  19  2:09  Queen x2  
  19  2:10  Zergling x4  
  19  2:11  Zergling x2  
  26  2:18  Baneling Nest  
  25  2:27  Overlord  
  25  2:35  Drone  
  26  2:39  Drone  
  26  2:40  Extractor  
  26  2:42  Drone x2  
  28  2:46  Zergling x4  
  30  2:52  Lair  
  30  2:59  Drone x2  
  32  3:11  Drone  
  34  3:12  Drone  
  34  3:15  Baneling x4  
  34  3:32  Drone x2  
  36  3:35  Overlord  
  36  3:47  Metabolic Boost  
  36  3:49  Zergling x2, Evolution Chamber  
  36  3:55  Baneling x2  
  36  4:03  Drone  
  36  4:05  Drone  
  36  4:09  Baneling  
  38  4:10  Baneling x3  
  38  4:14  Zergling x6  
  38  4:15  Zergling x6  
  44  4:17  Overlord  
  39  4:45  Baneling x5  
  38  4:46  Baneling x2  
  37  5:03  Centrifical Hooks  
  35  5:28  Zergling x14  
  42  5:38  Zerg Melee Weapons Level 1  
  42  5:39  Spore Crawler  
  42  5:42  Spore Crawler  
  40  5:46  Drone  
  40  5:47  Drone x2  
  40  5:49  Hatchery, Overlord x2  
  35  6:14  Zergling x2  
  35  6:15  Zergling x14  
  40  6:26  Zergling x2  
  40  6:27  Zergling x2  
  42  6:34  Drone x6  
  42  6:35  Drone  
  49  6:49  Zergling x4, Spire  
  49  6:50  Zergling x2  
  49  6:51  Baneling  
  49  6:52  Baneling x7  
  49  6:53  Baneling x3  
  46  7:22  Zergling x16  
Show
View Real Time Build Order
Export as new Build Order

kookooseen Zerg - Winner!

Build Orders: Hatch First 

Get SALT Encoding   

  12  0:00  Drone  
  13  0:08  Drone  
  14  0:16  Overlord  
  14  0:41  Hatchery  
  13  0:44  Drone  
  13  0:48  Drone  
  15  0:51  Drone  
  15  0:55  Drone  
  17  1:09  Extractor  
  16  1:12  Spawning Pool  
  16  1:14  Drone  
  16  1:18  Drone  
  17  1:27  Drone  
  18  1:37  Drone  
  19  1:48  Overlord  
  19  1:54  Drone  
  19  1:59  Drone  
  19  2:00  Queen x2  
  25  2:12  Metabolic Boost  
  25  2:14  Zergling x4  
  27  2:21  Drone  
  27  2:22  Drone  
  29  2:25  Overlord  
  29  2:31  Overlord  
  29  2:48  Queen  
  29  2:51  Queen  
  31  2:52  Drone  
  31  2:53  Drone x2  
  31  2:58  Drone x2  
  38  3:15  Drone x6  
  44  3:20  Hatchery  
  43  3:34  Roach Warren  
  43  3:36  Extractor  
  43  3:39  Extractor  
  38  3:47  Queen x2  
  42  3:54  Drone x2  
  44  3:56  Overlord x3  
  44  4:16  Roach x2  
  48  4:18  Roach  
  50  4:54  Roach x11  
  50  4:55  Roach  
  68  5:12  Queen x2  
  68  5:13  Queen  
  74  5:27  Overlord  
  74  5:28  Overlord x2  
  74  5:40  Overlord x3  
  74  5:46  Extractor  
  74  5:47  Drone x4  
  73  6:41  Roach x15  
  73  6:47  Ravager x7  
  110  7:07  Ravager  
  107  7:09  Ravager  
Tags
 
Add a new tag
Caveats
  • Supply blocks, unpowered buildings, or Contaminate may cause inaccurate times.
  • Supply counts are checked every 10 seconds.